 Dungeon Crawl Stone Soup version 0.30-a0-918-g0ff054e9dc (webtiles) character file.

Game seed: 12229600771060207932

21 Sobieck the Ruffian (level 2, -2/25 HPs)
             Began as a Ghoul Gladiator on Mar 20, 2023.
             Slain by a black bear (4 damage)
             ... on level 1 of the Dungeon.
             The game lasted 00:02:46 (902 turns).

Sobieck the Ruffian (Ghoul Gladiator)                Turns: 902, Time: 00:02:47

Health: -2/25      AC:  4    Str: 17    XL:     2   Next: 87%
Magic:  1/1        EV: 17    Int:  3    God:
Gold:   5          SH:  0    Dex: 10    Spells: 1/1 levels left

rFire   . . .      SeeInvis .      - Unarmed
rCold   + . .      Faith    .    (no shield)
rNeg    + + +      Spirit   .    h - +0 leather armour {Will+}
rPois   ∞          Reflect  .    b - +0 helmet
rElec   .          Rampage  .    (no cloak)
rCorr   .                        (no gloves)
Will    +....                    (no boots)
Stlth   +                        (no amulet)
HPRegen 0.00/turn                g - +5 ring of evasion
MPRegen 0.07/turn                (no ring)

@: inhibited regen
A: claws 1, cold resistance 1, negative energy resistance 3, inhibited
regeneration, torment resistance 2, devour on kill
a: no special abilities


You were on level 1 of the Dungeon.
You visited 1 branch of the dungeon, and saw 2 of its levels.

You collected 83 gold pieces.
You spent 78 gold pieces at shops.


Innate Abilities, Weirdness & Mutations

You are immune to poison.
You have sharp fingernails.
Your flesh is cold resistant. (rC+)
You are immune to negative energy. (rN+++)
You do not regenerate when monsters are visible.
You are immune to unholy pain and torment.
You thrive by killing the living.


   Skills:
 + Level 2.7 Fighting
 - Level 1.7 Throwing
 + Level 1.0 Armour
 - Level 2.6 Dodging
 + Level 3.7 Unarmed Combat


You had one spell level left.
You didn't know any spells.
Your spell library contained the following spells:

 Spells                   Type           Power      Damage    Failure   Level
 Cigotuvi's Dreadful Rot  Necr/Pois/Air  0%         N/A       73%         2
 Poisonous Vapours        Pois/Air       0%         N/A       73%         2
 Mephitic Cloud           Conj/Pois/Air  0%         N/A       91%         3

Inventory:

Missiles
 c - 3 throwing nets {=f!fthrowing}
 d - a javelin {throwing}
 j - 4 stones {throwing}
 l - 2 atropa-tipped darts (quivered) {throwing}
Armour
 a - a +0 leather armour
 b - a +0 helmet (worn)
 f - a +0 robe
   (You found it on level 1 of the Dungeon)
 h - a +0 leather armour of willpower (worn)
   (You found it on level 1 of the Dungeon)
Jewellery
 g - a +5 ring of evasion (left claw)
   (You found it on level 1 of the Dungeon)
Scrolls
 e - a scroll of fog
 i - a scroll of teleportation {@r4}
 m - a scroll of immolation {unknown}
Potions
 k - a potion of flight
 n - a potion of lignification

Dungeon Overview and Level Annotations

Branches:
Dungeon (2/15) Zot: 11097

Altars:

Shops:
D:1

? ...###♣.♣PP.P ♣#######
#####...P.P♣ ♣♣......#
#...♣♣.P.♣ #.###♣♣.♣♣###
# #.#.#♣♣♣♣♣
#.###♣..P♣..# # #.#.# #.#
#....♣P.P♣#.# # #.#.# #.#
#.#..♣..P♣..# # #.#.#
#.####...#♣♣.♣♣.##
###.#.###........#)...#.#
................@h>####.#
###.#####.....#..#......#
#.#####.#####....#.####
#.##.....♣####.#.#.#
#.##.#.....# #.#.###
#.##.#..♣∩♣# #.#.#
#....#.....# #.#.#
#######.#♣.###.#.#
###........#.#


You could see a black bear (confused, blind).


Message History

You scratch the kobold.
You kill the kobold!
No target in view!
A worm comes into view.
Danger!
You scratch the worm. You scratch the worm but do no damage.
The worm misses you.
You scratch the worm. The worm bites you.
You claw the worm!
You kill the worm!
You feel better.
Your Armour skill increases to level 1!
No target in view!
Found a stone staircase leading down.
Unknown command.
A black bear comes into view.
The black bear growls angrily.
Danger!
You throw an atropa-tipped dart {throwing}.
The atropa-tipped dart {throwing} hits the black bear.
The black bear resists.
You throw an atropa-tipped dart {throwing}.
The atropa-tipped dart {throwing} hits the black bear.
The black bear appears confused.
Unknown command.
Found a stone staircase leading up.
The black bear seems less confused.
The black bear misses you. The black bear completely misses you.
The black bear misses you.
You barely miss the black bear. The black bear barely misses you. x2
The black bear claws you.
You scratch the black bear.
The black bear is no longer blind.
The black bear closely misses you. The black bear misses you.
The black bear claws you.
You claw the black bear!
The black bear completely misses you. x2
The black bear claws you but does no damage.
You closely miss the black bear. The black bear bites you.
The black bear misses you. The black bear claws you.
* * * LOW HITPOINT WARNING * * *
You are too injured to fight recklessly!
Unknown command.
The black bear attacks as you move away!
The black bear barely misses you. The black bear misses you.
The black bear closely misses you.
The black bear attacks as you move away!
The black bear closely misses you. The black bear barely misses you.
The black bear claws you but does no damage.
A bat comes into view.
The bat hits you.
* * * LOW HITPOINT WARNING * * *
You claw the bat!
You kill the bat!
You feel better. The black bear closely misses you. x2
The black bear barely misses you.
Okay, then.
Unknown command.
You see here a bat corpse.
There is a stone staircase leading up here.
The black bear bites you.
* * * LOW HITPOINT WARNING * * *
The black bear barely misses you.
The black bear claws you but does no damage.
You climb upwards.
There is a stone staircase leading down here.
Unknown command.
Throw: 6 darts (atropa) {throwing}
Press: ? - help, Q - select action, (/) - cycle Shift-Dir - straight line, f - black bear
Aim: a black bear (moderately wounded, 64% to hit, chance to blind on hit: 22%)
You throw an atropa-tipped dart {throwing}.
The atropa-tipped dart {throwing} hits the black bear.
The black bear resists.
Unknown command.
Throw: 5 darts (atropa) {throwing}
Press: ? - help, Q - select action, (/) - cycle Shift-Dir - straight line, f/p - black bear
Aim: a black bear (moderately wounded, 64% to hit, chance to blind on hit: 22%)
You throw an atropa-tipped dart {throwing}.
The atropa-tipped dart {throwing} hits the black bear.
The black bear resists.
The black bear barely misses you. The black bear claws you.
* * * LOW HITPOINT WARNING * * *
The black bear closely misses you.
Throw: 4 darts (atropa) {throwing}
Press: ? - help, Q - select action, (/) - cycle Shift-Dir - straight line, f/p - black bear
Aim: a black bear (moderately wounded, 64% to hit, chance to blind on hit: 22%)
You throw an atropa-tipped dart {throwing}.
The atropa-tipped dart {throwing} barely misses the black bear.
The black bear bites you.
* * * LOW HITPOINT WARNING * * *
The black bear barely misses you. x2
Throw: 3 darts (atropa) {throwing}
Press: ? - help, Q - select action, (/) - cycle Shift-Dir - straight line, f/p - black bear
Aim: a black bear (moderately wounded, 64% to hit, chance to blind on hit: 22%)
Okay, then.
Throw: 3 darts (atropa) {throwing}
Press: ? - help, Q - select action, (/) - cycle Shift-Dir - straight line, f/p - black bear
Aim: a black bear (moderately wounded, 64% to hit, chance to blind on hit: 22%)
You throw an atropa-tipped dart {throwing}.
The atropa-tipped dart {throwing} hits the black bear.
The black bear appears confused.
The black bear bites you.
You die...

Skill      XL: |  1  2 |
---------------+-------+-----
Armour         | 1 |  1.0
Fighting       | |  2.7
Throwing       | |  1.7
Dodging        | |  2.6
Unarmed Combat | |  3.7

Action                     || total
---------------------------++-------
  Melee: Unarmed           ||    44
         Punch             ||     1
  Throw: Dart              ||     6
    Use: Scroll            ||     4
 Armour: Leather armour    ||     7
  Dodge: Dodged            ||    45

Levels and vault maps discovered:
D:1:      sevenhm_arrival_forest_fort_small_5, layout_basic, serial_shops,
          nicolae_shop_trees, serial_forest, infiniplex_forest_corner_1,
          infiniplex_forest_clump_long, infiniplex_forest_end_3,
          infiniplex_forest_lined_3, infiniplex_forest_end_2,
          infiniplex_forest_straight_4, infiniplex_forest_clump_tiny,
          infiniplex_forest_clump_large
D:2:      layout_basic, minmay_distorted

Notes
Turn   | Place    | Note
-------+----------+-------------------------------------------
     0 | D:1      | Sobieck the Ghoul Gladiator began the quest for the Orb.
     0 | D:1      | Reached XP level 1. HP: 17/17 MP: 0/0
   208 | D:1      | Found Xawuw's Magic Scroll Shoppe.
   221 | D:1      | Reached XP level 2. HP: 24/25 MP: 1/1
   225 | D:1      | You pick up a book of Vapours and begin reading...
   225 | D:1      | You add the spells Poisonous Vapours, Cigotuvi's Dreadful
                  | Rot and Mephitic Cloud to your library.
   253 | D:1      | Bought a scroll of identify for 26 gold pieces
   253 | D:1      | Bought a scroll of identify for 26 gold pieces
   595 | D:1      | Bought a scroll of identify for 26 gold pieces
   852 | D:2      | Reached skill level 1 in Armour
   872 | D:2      | Noticed a black bear
   901 | D:1      | HP: 2/25 [black bear (5)]
   902 | D:1      | Slain by a black bear

Vanquished Creatures
  A worm (D:2)
  A ball python (D:1)
  A bat (D:2)
  A giant cockroach (D:1)
  A goblin (D:1)
  2 hobgoblins (D:1)
  3 kobolds
  A quokka (D:1)
  3 frilled lizards (D:1)
  4 rats (D:1)
18 creatures vanquished.

Table legend:
 A = Non-vault XP
 B = Vault XP
 C = Vault XP percentage of total XP
 D = Non-vault monster count
 E = Vault monster count
 F = Vault count percentage of total count
                 A         B        C        D         E       F
            +---------+---------+-------+---------+---------+-------
      Total |      31 |       0 |   0.0 |      18 |       0 |   0.0
            +---------+---------+-------+---------+---------+-------
        D:1 |      23 |       0 |   0.0 |      15 |       0 |   0.0
        D:2 |       8 |       0 |   0.0 |       3 |       0 |   0.0
            +---------+---------+-------+---------+---------+-------

Illustrated notes

Table legend:
 A = Kills in this place as a percentage of kills in the entire game.
 B = Kills by you in this place as a percentage of kills by you in the entire game.
 C = Kills by friends in this place as a percentage of kills by friends in the entire game.
 D = Other kills in this place as a percentage of other kills in the entire game.
 E = Experience gained in this place as a percentage of experience gained in the entire game.
 F = Experience gained in this place divided by the number of levels of this place that you have seen.
                   A       B       C       D       E      F
               +-------+-------+-------+-------+-------+----------------------
         Total | 100.0 | 100.0 |   N/A |   N/A | 100.0 |  15.5
       Dungeon | 100.0 | 100.0 |   N/A |   N/A | 100.0 |  15.5
               +-------+-------+-------+-------+-------+----------------------

Table legend: (Time is in decaauts)
 A = Elapsed time spent in this place.
 B = Non-inter-level travel time spent in this place.
 C = Inter-level travel time spent in this place.
 D = Time resting spent in this place.
 E = Time spent auto-exploring this place.
 F = Levels seen in this place.
 G = Mean time per level.
                   A        B        C        D        E       F      G
               +--------+--------+--------+--------+--------+-----+--------+
         Total |    901 |    842 |     59 |      0 |    700 |   2 |  450.5 |
       Dungeon |    901 |    842 |     59 |      0 |    700 |   2 |  450.5 |
               +--------+--------+--------+--------+--------+-----+--------+

Top non-repeatable levels by time:
     D:1: 838 daAuts
     D:2: 63 daAuts
